Unix NetHack Version 5.0.0-0 post-release - last build May 10 2026 23:12:36 (d1fa5d53e341ca933230fdaa984d921c805b60aa,branch:main).

Game began 2026-05-13 07:13:34, ended 2026-05-13 07:48:15.

2459832143, lawful female human Knight

                                    ---  ---
                                    -@....)-
                                    .G...<..
                                     .%(--%.
                                      %.)...
                                       .---

2459832143 the Esquire   St:15 Dx:9 Co:12 In:7 Wi:14 Ch:18  Lawful
Dlvl:4  $:23 HP:0(30) Pw:16(16) AC:3  Xp:3 T:790 

Latest messages:
 Don't know what to hit.
 Don't know what to hit.
 In what direction? 7
 You see no door there.
 You begin bashing monsters with your lance.
 You hit the gnome.
 The gnome misses!
 The arrow hits the gnome.
 You are beginning to feel hungry.
 You miss the gnome.
 The gnome misses!
 You hit the gnome.
 The gnome hits!
 What do you want to eat? [ghin or ?*] ?
 What do you want to eat? [ghin or ?*] i
 This food really hits the spot!
 You stop eating the food ration.
 The gnome hits!
 It is hit.
 Don't know what to hit.
 In what direction? 7
 You see no door there.
 Don't know what to hit.
 You miss the gnome.
 You hit the gnome.
 The gnome hits!
 It is hit.
 It is destroyed!
 You miss the gnome.
 The gnome hits!
 The dagger misses s22467908m2's ghost.
 A dagger misses you.
 You hit the gnome.
 You miss the gnome.
 The gnome hits!
 You kill the gnome!
 There are several objects here.
 What do you want to eat? [ghinr or ?*] ?
 What do you want to eat? [ghinr or ?*] i
 This satiates your stomach!
 You stop eating the food ration.
 Are you waiting to get hit?  Use 'm' prefix to force a no-op (to rest).
 The gnome thrusts one of his daggers.
 The gnome hits!
 You die...
 Do you want your possessions identified? [ynq] (y) y
 Do you want to see your attributes? [ynq] (y) n
 Do you want an account of creatures vanquished? [ynaq] (y) n
 Do you want to see your conduct and achievements? [ynq] (y) n
 Do you want to see the dungeon overview? [ynq] (y) n

Inventory:
 Coins    ('$')
  $ - 23 gold pieces
 Weapons  (')')
  o - 10 cursed -1 orcish arrows
  p - a +0 bow
  a - a +2 long sword (alternate weapon; not wielded)
  b - a +1 lance (weapon in right hand)
 Armor    ('[')
  d - an uncursed +0 helmet (being worn)
  f - an uncursed +0 pair of leather gloves (being worn)
  e - an uncursed +0 small shield (being worn)
  c - an uncursed +1 ring mail (being worn)
 Comestibles  ('%')
  g - 12 uncursed apples
  h - 10 uncursed carrots
  i - an uncursed partly eaten food ration
  r - an uncursed partly eaten food ration
  n - an uncursed lembas wafer
 Gems/Stones  ('*')
  q - an uncursed worthless piece of violet glass

2459832143 the Knight's attributes:

Background:
 You were an Esquire, a level 3 female human Knight.
 You were lawful, on a mission for Lugh
 who was opposed by Brigit (neutral) and Manannan Mac Lir (chaotic).
 You started out male.
 You were right-handed.
 You were in the Gnomish Mines, on level 4.
 You entered the dungeon 790 turns ago.
 You had 55 experience points, 25 more were needed to attain level 4.

Basics:
 You had 0 out of 30 hit points.
 You had all 16 energy points (spell power).
 Your armor class was 3.
 Your wallet contained 23 zorkmids.
 Autopickup was off.

Final Characteristics:
 Your strength was 15 (limit:18/100).
 Your dexterity was 9 (limit:18).
 Your constitution was 12 (limit:18).
 Your intelligence was 7 (limit:18).
 Your wisdom was 14 (limit:18).
 Your charisma was 18 (limit:18).

Final Status:
 You weren't hungry.
 You were unencumbered.
 You were wielding a lance.
 You had basic skill with lance.

Final Attributes:
 You were fervently aligned.
 You could jump.
 You were warded.
 You are dead.

Miscellaneous:
 You encountered 1 bones level.
 Total elapsed playing time was 34 minutes and 39 seconds.

Major events:
 Turn
    1: 2459832143 the lawful male human Knight entered the dungeon
  763: entered the Gnomish Mines
  767: attained the rank of Esquire (level 3)
  790: killed by a gnome

You didn't know any spells.

Skills:
 Fighting Skills
   bare handed combat [Unskilled]
   two weapon combat  [Unskilled]
   riding             [Basic]
 Weapon Skills
   dagger             [Unskilled]
   knife              [Unskilled]
   axe                [Unskilled]
   pick-axe           [Unskilled]
   short sword        [Unskilled]
   broadsword         [Unskilled]
   long sword         [Basic]
   two-handed sword   [Unskilled]
   saber              [Unskilled]
   club               [Unskilled]
   mace               [Unskilled]
   morning star       [Unskilled]
   flail              [Unskilled]
   hammer             [Unskilled]
   polearms           [Unskilled]
   spear              [Unskilled]
   trident            [Unskilled]
   lance              [Basic]
   bow                [Unskilled]
   crossbow           [Unskilled]
 Spellcasting Skills
   attack spells      [Unskilled]
   healing spells     [Unskilled]
   clerical spells    [Unskilled]

Voluntary challenges:
 Character rerolling was not enabled.
 You were vegetarian.
 You were an atheist.
 You never genocided any monsters.
 You never polymorphed an object.
 You never changed form.
 You used no wishes.
Achievements:
 You entered the Gnomish Mines.
 You attained the rank of Esquire.

 The Dungeons of Doom: levels 1 to 3
    Level 1:
    Level 2:
       A sink.
    Level 3:
       Stairs down to The Gnomish Mines.
 The Gnomish Mines:
    Level 4: <- You were here.
       Final resting place for
          you, killed by a gnome,
          s22467908m2-Val-Hum-Fem-Law, killed by an arrow.


Vanquished creatures:
  a gnome leader
  a dwarf
  3 gnomes
  a gnome zombie
  a jackal
  2 goblins
  a sewer rat
  2 lichens
  a kobold zombie
  a newt
14 creatures vanquished.

No species were genocided or became extinct.

Game over:
                       ----------
                      /          \
                     /    REST    \
                    /      IN      \
                   /     PEACE      \
                  /                  \
                  |    2459832143    |
                  |      23 Au       |
                  |   killed by a    |
                  |      gnome       |
                  |                  |
                  |                  |
                  |       2026       |
                 *|     *  *  *      | *
        _________)/\\_//(\/(/\)/\//\/|_)_______

Fare thee well 2459832143 the Knight...

You died in The Gnomish Mines on dungeon level 4 with 401 points,
and 23 pieces of gold, after 790 moves.
You were level 3 with a maximum of 30 hit points when you died.

